SA
CHICAGO TULA @ WASHINGTON GENERALS
05/27/2037
 
TOP OF THE 1ST
Chicago Tula batting - Pitching for Washington Generals : RHP Ralph Johnston
Pitching: RHP Ralph Johnston
Batting: LHB Bud Randall 0-0: Swinging Strike
0-1: Foul Ball, location: 2F
0-2: Ball
1-2: Ball
2-2: Ground out 2-3 (Groundball, 13S, EV 70.0 MPH)
Batting: LHB Gustavo Zamora 0-0: Foul Ball, location: 2F
0-1: Foul Ball, location: 2F
0-2: Fly out, F9 (Flyball, 89S, EV 83.1 MPH)
Batting: RHB Kjartan Einarsson 0-0: Called Strike
0-1: Ball
1-1: Ball
2-1: TRIPLE (Flyball, 89XD, EV 106.9 MPH)
Batting: LHB Conor Gotaas 0-0: Called Strike
0-1: Ball
1-1: Ball
2-1: Fly out, F7 (Flyball, 7LS, EV 92.5 MPH)
Top of the 1st over - 0 runs, 1 hit, 0 errors, 1 left on base; Chicago 0 - Washington 0
BOTTOM OF THE 1ST
Washington Generals batting - Pitching for Chicago Tula : RHP Yan van der Meijden
Pitching: RHP Yan van der Meijden
Batting: RHB António Salas 0-0: Called Strike
0-1: Called Strike
0-2: Ball
1-2: Ball
2-2: SINGLE (Groundball, 4MD, EV 95.6 MPH)
Batting: LHB Bill Butler 0-0: Ball
1-0: Ball
2-0: Swinging Strike
2-1: Fly out, F8 (Flyball, 8LXD, EV 107.5 MPH)
Runner from 1st tags up, SAFE at 2nd
Batting: RHB Francisco Alhama 0-0: Ball
António Salas steals 3rd base
1-0: Ball
2-0: Swinging Strike
2-1: Fly out, F2 (Popup, 23F, EV 76.2 MPH)
Batting: LHB Alex Avery 0-0: Ground out 1-3 (Groundball, P, EV 74.4 MPH)
Bottom of the 1st over - 0 runs, 1 hit, 0 errors, 1 left on base; Chicago 0 - Washington 0
TOP OF THE 2ND
Chicago Tula batting - Pitching for Washington Generals : RHP Ralph Johnston
Batting: RHB Greg Dixon 0-0: Ball
1-0: Ball
2-0: Ball
3-0: Base on Balls
Batting: LHB Steve Whitehead 0-0: Ball
1-0: DOUBLE (Line Drive, 7LD, EV 111.2 MPH)
Greg Dixon to third
Batting: SHB Carl Wilson 0-0: Swinging Strike
0-1: Ball
1-1: Swinging Strike
1-2: Foul Ball, location: 2F
1-2: Ball
2-2: Ball
3-2: Foul Ball, location: 2F
3-2: Foul Ball, location: 2F
3-2: Strikes out swinging
Batting: RHB Eddie Hickford 0-0: Ball
1-0: Foul Ball, location: 2F
1-1: Called Strike
1-2: Strikes out swinging
Batting: RHB Tim Robinson 0-0: Called Strike
0-1: Foul Ball, location: 2F
0-2: Ball
1-2: Ball
2-2: Strikes out swinging
Top of the 2nd over - 0 runs, 1 hit, 0 errors, 2 left on base; Chicago 0 - Washington 0
BOTTOM OF THE 2ND
Washington Generals batting - Pitching for Chicago Tula : RHP Yan van der Meijden
Batting: LHB Stanley Zijm 0-0: Ball
1-0: Called Strike
1-1: Called Strike
1-2: SINGLE (Flyball, 7S, EV 92.5 MPH)
Batting: RHB Nick Harper 0-0: Swinging Strike
0-1: Foul Ball, location: 2F
0-2: Ball
1-2: Fly out, F8 (Line Drive, 8LD, EV 102.5 MPH)
Batting: RHB Layton Arntsen 0-0: Swinging Strike
0-1: Called Strike
0-2: Ball
1-2: Strikes out looking
Batting: RHB Hiroshige Ohashi 0-0: Ball
1-0: Fly out, F6 (Line Drive, 6, EV 73.1 MPH)
Bottom of the 2nd over - 0 runs, 1 hit, 0 errors, 1 left on base; Chicago 0 - Washington 0
TOP OF THE 3RD
Chicago Tula batting - Pitching for Washington Generals : RHP Ralph Johnston
Batting: LHB Bud Randall 0-0: Foul Ball, location: 2F
0-1: Ball
1-1: Ball
2-1: Swinging Strike
2-2: Ball
3-2: Foul Ball, location: 2F
3-2: Ground out 4-3 (Groundball, 4, EV 86.2 MPH)
Batting: LHB Gustavo Zamora 0-0: Called Strike
0-1: Ball
1-1: Ball
2-1: Called Strike
2-2: Fly out, F7 (Flyball, 7S, EV 80.6 MPH)
Batting: RHB Kjartan Einarsson 0-0: Ball
1-0: Called Strike
1-1: Foul Ball, location: 2F
1-2: Ball
2-2: TRIPLE (Flyball, 8LXD, EV 105.6 MPH)
Batting: LHB Conor Gotaas 0-0: Called Strike
0-1: Ball
1-1: Ball
2-1: Ground out U3 (Groundball, 3L, EV 101.9 MPH)
Top of the 3rd over - 0 runs, 1 hit, 0 errors, 1 left on base; Chicago 0 - Washington 0
BOTTOM OF THE 3RD
Washington Generals batting - Pitching for Chicago Tula : RHP Yan van der Meijden
Batting: RHB Curt Cote 0-0: Called Strike
0-1: Foul Ball, location: 2F
0-2: Foul Ball, location: 2F
0-2: Ball
1-2: Foul Ball, location: 2F
1-2: Foul Ball, location: 2F
1-2: Strikes out looking
Batting: RHB António Salas 0-0: Swinging Strike
0-1: Called Strike
0-2: Ball
1-2: Ball
2-2: Ball
3-2: Foul Ball, location: 2F
3-2: Base on Balls
Batting: LHB Bill Butler 0-0: Ball
1-0: Ball
2-0: Swinging Strike
2-1: Foul Ball, location: 2F
2-2: SINGLE (Flyball, 8RS, EV 86.9 MPH)
António Salas to second
Batting: RHB Francisco Alhama 0-0: Fielders Choice at 2nd, 3-6 (Groundball, 3, EV 77.5 MPH)
António Salas to third
Batting: LHB Alex Avery 0-0: Called Strike
0-1: Foul Ball, location: 2F
0-2: Fly out, F8 (Flyball, 8LXD, EV 101.2 MPH)
Bottom of the 3rd over - 0 runs, 1 hit, 0 errors, 2 left on base; Chicago 0 - Washington 0
TOP OF THE 4TH
Chicago Tula batting - Pitching for Washington Generals : RHP Ralph Johnston
Batting: RHB Greg Dixon 0-0: Swinging Strike
0-1: Ball
1-1: Ball
2-1: Swinging Strike
2-2: Strikes out looking
Batting: LHB Steve Whitehead 0-0: Called Strike
0-1: Ball
1-1: Ball
2-1: Foul Ball, location: 2F
2-2: Foul Ball, location: 2F
2-2: Strikes out swinging
Batting: SHB Carl Wilson 0-0: Ball
1-0: Foul Ball, location: 2F
1-1: Foul Ball, location: 2F
1-2: Ball
2-2: Ball
3-2: Base on Balls
Batting: RHB Eddie Hickford 0-0: Fly out, F9 (Flyball, 9, EV 92.5 MPH)
Top of the 4th over - 0 runs, 0 hits, 0 errors, 1 left on base; Chicago 0 - Washington 0
BOTTOM OF THE 4TH
Washington Generals batting - Pitching for Chicago Tula : RHP Yan van der Meijden
Pitching: LHP Mario Quintero
Batting: LHB Stanley Zijm 0-0: SINGLE (Line Drive, 8LS, EV 93.8 MPH)
Batting: RHB Nick Harper 0-0: Swinging Strike
0-1: Ball
1-1: Foul Ball, location: 2F
1-2: Ball
2-2: Foul Ball, location: 2F
2-2: Ball
3-2: Strikes out looking
Batting: RHB Layton Arntsen 0-0: Called Strike
0-1: Ball
1-1: Grounds into double play, 3-6-3 (Groundball, 3, EV 84.4 MPH)
Bottom of the 4th over - 0 runs, 1 hit, 0 errors, 0 left on base; Chicago 0 - Washington 0
TOP OF THE 5TH
Chicago Tula batting - Pitching for Washington Generals : RHP Ralph Johnston
Batting: RHB Tim Robinson 0-0: Foul Ball, location: 2F
0-1: Ball
1-1: Ball
2-1: DOUBLE (Groundball, 5L, EV 95.6 MPH)
Batting: LHB Bud Randall 0-0: Ball
1-0: Swinging Strike
1-1: Ball
2-1: Foul Ball, location: 2F
2-2: SINGLE (Line Drive, 9S, EV 95.6 MPH)
Tim Robinson to third
Batting: LHB Gustavo Zamora 0-0: Ball
1-0: Fielders Choice at 2nd, 3-6 (Groundball, 3, EV 102.5 MPH)
Tim Robinson scores
Batting: RHB Kjartan Einarsson 0-0: Called Strike
0-1: Ball
1-1: Ball
2-1: Foul Ball, location: 2F
2-2: TRIPLE (Flyball, 9LD, EV 100.0 MPH)
Gustavo Zamora scores
Batting: LHB Conor Gotaas 0-0: Ball
1-0: Fly out, F8 (Line Drive, 8RM, EV 93.1 MPH)
Runner from 3rd tags up, SCORES, throw by CF
Batting: RHB Greg Dixon 0-0: Ball
1-0: Ball
2-0: Foul Ball, location: 2F
2-1: SINGLE (Flyball, 8LS, EV 93.8 MPH)
Batting: LHB Steve Whitehead 0-0: Ball
1-0: Ball
2-0: Ball
3-0: Base on Balls
Greg Dixon to second
Batting: SHB Carl Wilson 0-0: Called Strike
0-1: Ground out 1-3 (Groundball, 13, EV 63.1 MPH)
Top of the 5th over - 3 runs, 4 hits, 0 errors, 2 left on base; Chicago 3 - Washington 0
BOTTOM OF THE 5TH
Washington Generals batting - Pitching for Chicago Tula : LHP Mario Quintero
Batting: RHB Hiroshige Ohashi 0-0: Swinging Strike
0-1: Called Strike
0-2: Strikes out swinging
Batting: RHB Curt Cote 0-0: Ball
1-0: Swinging Strike
1-1: Ball
2-1: Swinging Strike
2-2: Ball
3-2: Strikes out swinging
Batting: RHB António Salas 0-0: Ball
1-0: Ball
2-0: Ground out 3-1 (Groundball, 3S, EV 85.0 MPH)
Bottom of the 5th over - 0 runs, 0 hits, 0 errors, 0 left on base; Chicago 3 - Washington 0
TOP OF THE 6TH
Chicago Tula batting - Pitching for Washington Generals : RHP Ralph Johnston
Batting: RHB Eddie Hickford 0-0: Called Strike
0-1: Ground out 4-3 (Groundball, 4S, EV 80.6 MPH)
Pitching: LHP Rob Joseph
Batting: RHB Tim Robinson 0-0: Foul Ball, location: 2F
0-1: Ground out U3 (Groundball, 3S, EV 86.2 MPH)
Batting: LHB Bud Randall 0-0: Ball
1-0: Ball
2-0: SINGLE (Groundball, 56D, EV 103.8 MPH)
Batting: LHB Gustavo Zamora 0-0: Ball
1-0: Ball
2-0: Fly out, F4 (Popup, 4S, EV 72.5 MPH)
Top of the 6th over - 0 runs, 1 hit, 0 errors, 1 left on base; Chicago 3 - Washington 0
BOTTOM OF THE 6TH
Washington Generals batting - Pitching for Chicago Tula : LHP Mario Quintero
Batting: LHB Bill Butler 0-0: Ground out 1-3 (Groundball, 15S, EV 68.1 MPH)
Batting: RHB Francisco Alhama 0-0: Called Strike
0-1: Ball
1-1: Ground out 2-3 (Groundball, 2L, EV 69.4 MPH)
Batting: LHB Alex Avery 0-0: Foul Ball, location: 2F
0-1: Ball
1-1: Swinging Strike
1-2: Ball
2-2: Strikes out looking
Bottom of the 6th over - 0 runs, 0 hits, 0 errors, 0 left on base; Chicago 3 - Washington 0
TOP OF THE 7TH
Chicago Tula batting - Pitching for Washington Generals : LHP Rob Joseph
Batting: RHB Kjartan Einarsson 0-0: Ball
1-0: Ball
2-0: Ball
3-0: Called Strike
3-1: Foul Ball, location: 2F
3-2: SINGLE (Line Drive, 78S, EV 88.8 MPH)
Batting: LHB Conor Gotaas 0-0: Called Strike
0-1: Swinging Strike
0-2: Ball
1-2: Reached via error on a dropped throw from 1B, E1 (Groundball, 3S, EV 64.4 MPH)
Kjartan Einarsson to second
Batting: RHB Greg Dixon 0-0: Called Strike
0-1: 3-RUN HOME RUN (Line Drive, 7LD, EV 103.8 MPH), Distance : 355 ft
Batting: LHB Steve Whitehead 0-0: Ball
1-0: Foul Ball, location: 2F
1-1: Foul Ball, location: 2F
1-2: Foul Ball, location: 2F
1-2: Foul Ball, location: 2F
1-2: Ball
2-2: SINGLE (Flyball, 9S, EV 91.9 MPH)
Batting: SHB Carl Wilson 0-0: Ball
1-0: Ball
2-0: Called Strike
2-1: Foul Ball, location: 2F
2-2: Strikes out swinging
Batting: RHB Eddie Hickford 0-0: Ball
1-0: Fly out, F7 (Flyball, 78S, EV 90.0 MPH)
Batting: RHB Tim Robinson 0-0: Ball
Wild Pitch!
Steve Whitehead to second
1-0: Foul Ball, location: 2F
1-1: Ball
2-1: Foul Ball, location: 2F
2-2: Ball
3-2: DOUBLE (Line Drive, 78M, EV 113.1 MPH)
Steve Whitehead scores
Pinch Hitting: RHB Jim Schroeder 0-0: Ball
1-0: Called Strike
1-1: Ball
2-1: Ground out 5-3 (Groundball, 56, EV 88.1 MPH)
Top of the 7th over - 4 runs, 4 hits, 1 error, 1 left on base; Chicago 7 - Washington 0
BOTTOM OF THE 7TH
Washington Generals batting - Pitching for Chicago Tula : LHP Mario Quintero
Now at 1B: Jim Schroeder
Pinch Hitting: RHB Félix Olvera 0-0: Called Strike
0-1: Hit by Pitch
Batting: RHB Nick Harper 0-0: Called Strike
0-1: Called Strike
0-2: Ball
1-2: Ball
2-2: Strikes out swinging
Batting: RHB Layton Arntsen 0-0: Foul Ball, location: 2F
0-1: Foul Ball, location: 2F
0-2: Foul Ball, location: 2F
0-2: SINGLE (Line Drive, 7LS, EV 99.4 MPH)
Félix Olvera to second
Batting: RHB Hiroshige Ohashi 0-0: Ball
1-0: Foul Ball, location: 2F
1-1: Ball
2-1: Grounds into double play, 4-6-3 (Groundball, 34, EV 90.0 MPH)
Bottom of the 7th over - 0 runs, 1 hit, 0 errors, 1 left on base; Chicago 7 - Washington 0
TOP OF THE 8TH
Chicago Tula batting - Pitching for Washington Generals : LHP Rob Joseph
Now in LF: Félix Olvera
Batting: LHB Gustavo Zamora 0-0: Ball
1-0: Called Strike
1-1: Ball
2-1: Swinging Strike
2-2: Ball
3-2: Strikes out swinging, 2-3 out at first.
Batting: RHB Kjartan Einarsson 0-0: Ball
1-0: Foul Ball, location: 2F
1-1: Foul Ball, location: 2F
1-2: SINGLE (Flyball, 89M, EV 91.9 MPH)
Pitching: RHP Miguel Romero
Pinch Hitting: RHB Tolenka Kafengauz 0-0: Called Strike
0-1: Foul Ball, location: 2F
0-2: Foul Ball, location: 2F
0-2: Foul Ball, location: 2F
0-2: Ball
1-2: Ball
2-2: Fielders Choice at 2nd, 4-6 (Groundball, 4D, EV 107.5 MPH)
Batting: RHB Greg Dixon 0-0: Swinging Strike
0-1: Ball
1-1: Swinging Strike
1-2: Strikes out swinging
Top of the 8th over - 0 runs, 1 hit, 0 errors, 1 left on base; Chicago 7 - Washington 0
BOTTOM OF THE 8TH
Washington Generals batting - Pitching for Chicago Tula : LHP Mario Quintero
Now in RF: Tolenka Kafengauz
Batting: RHB Curt Cote 0-0: Called Strike
0-1: Called Strike
0-2: Strikes out looking
Pinch Hitting: RHB Michael Ruscoe 0-0: Called Strike
0-1: Ball
1-1: Foul Ball, location: 2F
1-2: Strikes out looking
Pinch Hitting: RHB Jorge Ramírez 0-0: Ball
1-0: Ball
2-0: Called Strike
2-1: Foul Ball, location: 2F
2-2: Strikes out looking
Bottom of the 8th over - 0 runs, 0 hits, 0 errors, 0 left on base; Chicago 7 - Washington 0
TOP OF THE 9TH
Chicago Tula batting - Pitching for Washington Generals : RHP Miguel Romero
Now in LF: Michael Ruscoe
Now in RF: Jorge Ramírez
Batting: LHB Steve Whitehead 0-0: Ball
1-0: Foul Ball, location: 2F
1-1: Called Strike
1-2: Ball
2-2: Foul Ball, location: 2F
2-2: Foul Ball, location: 2F
2-2: Ball
3-2: SINGLE (Flyball, 8LS, EV 90.6 MPH)
Batting: SHB Carl Wilson 0-0: Foul Ball, location: 2F
0-1: Foul Ball, location: 2F
0-2: Ball
1-2: Strikes out swinging
Pinch Hitting: RHB Bill Cobb 0-0: Foul Ball, location: 2F
0-1: Called Strike
0-2: Ball
1-2: Ball
2-2: Fielders Choice at 2nd, 6-4 (Groundball, 6, EV 85.0 MPH)
Batting: RHB Tim Robinson 0-0: Called Strike
Bill Cobb is caught stealing 2nd base 2-4
Top of the 9th over - 0 runs, 1 hit, 0 errors, 0 left on base; Chicago 7 - Washington 0
BOTTOM OF THE 9TH
Washington Generals batting - Pitching for Chicago Tula : LHP Mario Quintero
Now in LF: Bill Cobb
Batting: RHB Francisco Alhama 0-0: Called Strike
0-1: Swinging Strike
0-2: Ball
1-2: Foul Ball, location: 2F
1-2: Ball
2-2: Ball
3-2: Strikes out swinging
Batting: LHB Alex Avery 0-0: Ball
1-0: Foul Ball, location: 2F
1-1: Foul Ball, location: 2F
1-2: Ball
2-2: Ball
3-2: Base on Balls
Pitching: RHP Manuel Nieves
Batting: RHB Félix Olvera 0-0: Foul Ball, location: 2F
0-1: TRIPLE (Line Drive, 9LD, EV 106.2 MPH)
Alex Avery scores
Batting: RHB Nick Harper 0-0: Called Strike
0-1: Ball
1-1: Ball
2-1: Called Strike
2-2: Strikes out swinging
Batting: RHB Layton Arntsen 0-0: Ball
1-0: Swinging Strike
1-1: Swinging Strike
1-2: Foul Ball, location: 2F
1-2: Ball
2-2: Strikes out looking
Bottom of the 9th over - 1 run, 1 hit, 0 errors, 1 left on base; Chicago 7 - Washington 1
Thursday, January 23rd, 2020 - OOTP Baseball 20.8 Build 74